 Dungeon Crawl Stone Soup version 0.15-a0-90-g85a0ca6 (webtiles) character file.

10983 Grangar the Protected (level 11, -9/89 HPs)
             Began as a Minotaur Fighter on Apr 8, 2014.
             Was an Elder of Okawaru.
             Killed by divine providence
             ... invoked by an orc priest
              (10 damage)
             ... on Level 11 of the Dungeon.
             The game lasted 00:53:45 (13817 turns).

Grangar the Protected (Minotaur Fighter)           Turns: 13817, Time: 00:53:45

HP  -9/89        AC 16     Str 22      XL: 11   Next: 34%
MP  15/15        EV 12     Int  5      God: Okawaru [****..]
Gold 655         SH  0     Dex 12      Spells:  0 memorised, 10 levels left

rFire  . . .     SeeInvis .     U - +0 flail (protect)
rCold  . . .     Clarity  .     b - +1 scale mail
rNeg   + . .     Conserve .     (no shield)
rPois  .         rCorr    .     (helmet restricted)
rElec  .         rRot     .     v - +0 cloak
SustAb . .       Spirit   .     (no gloves)
rMut   .         Warding  +     (no boots)
Saprov . . .     Stasis   .     z - amulet of warding
MR     .....                    c - ring of flight
                                t - ring of invisibility

@: not resistant to hostile enchantments, extremely unstealthy
A: retaliatory headbutt, horns 2
a: Heroism, Renounce Religion, Evoke Invisibility, Evoke Flight


You were on level 11 of the Dungeon.
You worshipped Okawaru.
Okawaru was greatly pleased with you.
You were not hungry.

You visited 2 branches of the dungeon, and saw 12 of its levels.
You also visited: Sewer and Ossuary.

You collected 655 gold pieces.

Inventory:

Hand weapons
 U - a +0,+0 flail of protection (weapon)
Armour
 b - a +1 scale mail (worn)
 v - a +0 cloak (worn)
 W - a +0 chain mail
Magical devices
 u - a wand of fire (5)
 x - a wand of enslavement (11)
 y - a wand of slowing (7)
 C - a wand of polymorph (17)
 P - a wand of draining (5)
 R - a wand of draining (4)
 S - a wand of slowing (16)
Comestibles
 g - 18 cheeses
 D - 2 bread rations
Scrolls
 a - a scroll of enchant weapon I {unknown}
 i - 6 scrolls of magic mapping
 j - 5 scrolls of amnesia
 p - a scroll of immolation
 q - 3 scrolls of enchant weapon III {pyramid, unknown}
 r - 4 scrolls of teleportation {sewer}
 s - a scroll of fog {unknown}
 F - 2 scrolls of fear {unknown}
 G - 2 scrolls of recharging {unknown}
 H - 3 scrolls of noise {unknown}
 J - a scroll of enchant weapon II {unknown}
 M - a scroll of vulnerability {unknown}
 N - 6 scrolls of identify
Jewellery
 c - a ring of flight (right hand)
 m - an uncursed amulet of inaccuracy {unknown}
 t - a ring of invisibility (left hand)
 z - an amulet of warding (around neck)
 O - an uncursed ring of fire {unknown}
Potions
 d - 2 potions of haste {pyramid}
 e - 3 potions of might
 f - a potion of degeneration {unknown}
 h - a potion of resistance {unknown}
 k - 5 potions of restore abilities {pyramid}
 n - a potion of magic
 o - a potion of heal wounds {sewer}
 A - 2 potions of flight
 E - 4 potions of brilliance
 I - 3 potions of agility {pyramid}
 L - 5 potions of curing {pyramid}
 Q - a potion of lignification {unknown}
Books
 w - a book of Battle

   Spells                             Type                      Level
   Infusion                           Charms                       1
   Shroud of Golubria                 Charms/Translocation         2
   Song of Slaying                    Charms                       2
   Spectral Weapon                    Hexes/Charms                 3
   Regeneration                       Charms/Necromancy            3
 B - a book of Flames

   Spells                             Type                      Level
   Flame Tongue                       Conjuration/Fire             1
   Throw Flame                        Conjuration/Fire             2
   Conjure Flame                      Conjuration/Fire             3
   Inner Flame                        Hexes/Fire                   3
   Sticky Flame                       Conjuration/Fire             4
   Fireball                           Conjuration/Fire             5
 K - a book of Necromancy

   Spells                             Type                      Level
   Pain                               Necromancy                   1
   Animate Skeleton                   Necromancy                   1
   Lethal Infusion                    Charms/Necromancy            2
   Vampiric Draining                  Necromancy                   3
   Regeneration                       Charms/Necromancy            3
   Animate Dead                       Necromancy                   4
   Control Undead                     Necromancy                   4
Miscellaneous
 T - an ornate deck of dungeons
 V - a fan of gales (inert)
Rods
 l - a +0 rod of destruction (9/9)
   (You found it on level 2 of the Dungeon)


   Skills:
 * Level 6.0 Fighting
 * Level 11.1 Maces & Flails
 * Level 11.2 Armour
 * Level 10.5 Dodging
 - Level 1.5 Stealth
   Level 3.6 Shields
 + Level 0.4 Invocations
 * Level 6.4 Evocations


You had 10 spell levels left.
You didn't know any spells.

Dungeon Overview and Level Annotations

Branches:
Dungeon (11/15)            Temple (1/1) D:7            Lair (0/8) D:10
    Orc: D:9-12

Altars:
Ashenzari
Cheibriados
Dithmenos
Elyvilon
Fedhas
Kikubaaqudgha
Makhleb
Nemelex Xobeh
Okawaru
Sif Muna
Trog
Vehumet
Xom
Yredelemnul
Zin
The Shining One

Shops:
D:5 *


Innate Abilities, Weirdness & Mutations

You reflexively headbutt those who attack you in melee.
You have a pair of horns on your head.


Message History

Something smites you!
* * * LOW HITPOINT WARNING * * *
The orc priest calls down the wrath of Beogh upon you.
Something smites you!
* * * LOW HITPOINT WARNING * * *
The orc priest looks braver.
What do you say? t - Shout!
Orders for allies: a - Attack new target. p - Attack previous target. r - Retreat! s - Stop attacking. w - Wait here. f - Follow me.
Anything else - Stay silent.
Gang up on whom?
Press: ? - help, Dir - move target cursor, f - orc, p - orc warrior
Aim: an orc, wielding a club Attack!
Your orc warrior hits the orc with a long sword.
The orc priest calls down the wrath of Beogh upon you.
Something smites you!
You die...

.##......#.#
#####+##......#.#
#...........o.#.#
#.......#####.#.#
#.......# #o#.#
#.......# #.#.#
#.......+ #o#.
#.......### #o#
#........<# #@#
#.......).# #.#
#.........# #.#
##'#####..#+#+##
#.# #........#
#.# #........#
#.# #........#
#.# #........#
#.# #........#


You could see 2 orc priests, an orc and a friendly orc warrior.

Vanquished Creatures
  Erica (D:11)
  A hill giant (D:10)
  A gargoyle (D:9)
  2 trolls
  A two-headed ogre (D:9)
  Prince Ribbit (D:5)
  2 wyverns
  8 yaks
  2 hill giant zombies (D:9)
  A deep elf mage (D:10)
  A shadow (D:11)
  3 hippogriffs
  A hill giant skeleton (D:7)
  Menkaure (D:5)
  A necrophage (D:9)
  A soldier ant (D:10)
  2 ice beasts (D:8)
  A giant goldfish (D:9)
  3 sky beasts (D:9)
  A phantom (D:4)
  An orc warrior (D:6)
  8 ogres
  3 centaurs
  2 boring beetles (D:10)
  Duvessa (D:4)
  9 giant frogs
  12 scorpions
  A cyclops zombie (D:9)
  A hippogriff zombie (D:8)
  9 wights
  An electric eel (D:9)
  A yak skeleton (D:9)
  Dowan (D:4)
  A crimson imp (D:10)
  4 jellies
  2 centaur zombies (Ossuary)
  2 hounds
  4 human zombies (Ossuary)
  A two-headed ogre skeleton (D:6)
  A big fish (Sewer)
  6 orc priests
  11 orc wizards
  An iguana (D:4)
  An orange rat (D:7)
  4 worker ants
  Ijyb (D:2)
  A hound skeleton (D:4)
  3 mummies
  13 adders
  7 scorpion zombies
  2 gnolls (D:7)
  5 green rats (D:7)
  2 shadow imps
  5 worms
  An adder skeleton (D:8)
  2 giant geckos
  An ooze (D:1)
  38 orcs
  4 ball pythons
  3 giant cockroaches
  2 gnoll zombies (Ossuary)
  21 hobgoblins
  11 jackals
  19 kobolds
  3 quokkas
  21 bats
  A giant cockroach zombie (D:5)
  8 giant newts
  2 giant spores
  14 goblins
  2 goblin zombies
  3 hobgoblin skeletons
  3 hobgoblin zombies
  A jackal skeleton (D:5)
  2 kobold skeletons
  An orc zombie (Ossuary)
  A quokka skeleton (D:5)
  26 rats
  3 rat skeletons
  4 ballistomycetes
  5 plants (Sewer)
364 creatures vanquished.

Vanquished Creatures (collateral kills)
  4 yaks (D:10)
  A gnoll (D:7)
5 creatures vanquished.

Vanquished Creatures (others)
  An air elemental (D:10)
  A centaur zombie (Ossuary)
  A mummy (Ossuary)
  2 giant spores
5 creatures vanquished.

Grand Total: 374 creatures vanquished

Notes
Turn   | Place    | Note
--------------------------------------------------------------
     0 | D:1      | Grangar, the Minotaur Fighter, began the quest for the Orb.
     0 | D:1      | Reached XP level 1. HP: 19/19 MP: 1/1
   135 | D:1      | Reached XP level 2. HP: 17/27 MP: 1/1
   229 | D:1      | Reached skill level 4 in Armour
   478 | D:1      | Found a glowing golden altar of the Shining One.
   585 | D:2      | Reached XP level 3. HP: 33/33 MP: 2/2
   680 | D:2      | Reached skill level 1 in Dodging
   711 | D:2      | Found a radiant altar of Vehumet.
   715 | D:2      | Noticed Ijyb
   729 | D:2      | Killed Ijyb
   945 | D:2      | Reached skill level 5 in Armour
   945 | D:2      | Reached XP level 4. HP: 38/40 MP: 2/2
  1601 | D:3      | Identified a +0 rod of destruction (9/9) (You found it on level 2 of the Dungeon)
  1821 | D:3      | Reached XP level 5. HP: 40/46 MP: 2/2
  2010 | D:4      | Found a glowing drain.
  2018 | Sewer    | Entered a sewer
  2488 | Sewer    | Reached skill level 6 in Armour
  2791 | D:4      | Reached XP level 6. HP: 52/52 MP: 3/3
  3130 | D:4      | Noticed Duvessa
  3131 | D:4      | Noticed Dowan
  3226 | D:4      | Killed Duvessa
  3226 | D:4      | Reached skill level 1 in Evocations
  3601 | D:4      | Killed Dowan
  3636 | D:4      | Noticed an ogre
  3641 | D:4      | Killed an ogre
  4017 | D:4      | Reached XP level 7. HP: 30/59 MP: 4/4
  4195 | D:4      | Reached skill level 7 in Armour
  4380 | D:4      | Got a shimmering mace
  4381 | D:4      | Identified the cursed -2,+3 mace "Gietymed" {crush, Dex+2 Int+1} (You took it off a hobgoblin on level 4 of the Dungeon)
  4551 | D:4      | Noticed an ogre
  4559 | D:4      | Killed an ogre
  4667 | D:4      | Found a shadowy altar of Dithmenos.
  4667 | D:4      | Noticed a phantom
  4680 | D:4      | Killed a phantom
  4864 | D:5      | Entered Level 5 of the Dungeon
  4950 | D:5      | Reached skill level 5 in Maces & Flails
  5118 | D:5      | Found Motuq's General Store.
  5209 | D:5      | Reached skill level 8 in Armour
  5209 | D:5      | Reached skill level 5 in Dodging
  5209 | D:5      | Reached XP level 8. HP: 17/66 MP: 6/6
  5619 | D:5      | Noticed Menkaure
  5628 | D:5      | Killed Menkaure
  5863 | D:5      | Noticed Prince Ribbit
  5871 | D:5      | Killed Prince Ribbit
  6195 | D:6      | Found a sand-covered staircase.
  6209 | Ossuary  | Entered an ossuary
  6257 | Ossuary  | Reached skill level 9 in Armour
  6286 | Ossuary  | Reached skill level 1 in Stealth
  6783 | Ossuary  | Reached XP level 9. HP: 67/72 MP: 9/9
  7854 | D:6      | Found a glowing silver altar of Zin.
  8350 | D:7      | Reached skill level 10 in Armour
  8416 | D:7      | Reached skill level 5 in Fighting
  8722 | D:7      | Found a staircase to the Ecumenical Temple.
  8733 | Temple   | Entered the Ecumenical Temple
  8752 | Temple   | Became a worshipper of Warmaster Okawaru
  9321 | D:8      | Found a burning altar of Makhleb.
  9328 | D:8      | Reached XP level 10. HP: 71/81 MP: 11/11
  9664 | D:8      | Acquired Okawaru's first power
 10113 | D:9      | Reached skill level 5 in Evocations
 11553 | D:9      | Reached skill level 10 in Maces & Flails
 11899 | D:10     | Entered Level 10 of the Dungeon
 12167 | D:10     | Reached skill level 10 in Dodging
 12222 | D:10     | Found a staircase to the Lair.
 12537 | D:10     | Noticed a hill giant
 12546 | D:10     | Killed a hill giant
 12546 | D:10     | Reached skill level 11 in Armour
 12546 | D:10     | Reached XP level 11. HP: 82/89 MP: 14/14
 13497 | D:11     | Noticed Erica
 13513 | D:11     | Killed Erica
 13815 | D:11     | HP: 1/89 [orc priest/divine providence (10)]
 13817 | D:11     | Killed from afar by an orc priest

Action                   |  1- 3 |  4- 6 |  7- 9 | 10-12 || total
-------------------------+-------+-------+-------+-------++-------
Melee: Flail             |    65 |    44 |       |   146 ||   255
       Mace              |       |   210 |   511 |   264 ||   985
       Unarmed           |       |     2 |       |       ||     2
       Rod               |       |       |     8 |     3 ||    11
Invok: Heroism           |       |       |       |     1 ||     1
Evoke: Wand              |       |    10 |     3 |    12 ||    25
       Rod               |       |     4 |    17 |    15 ||    36
       Fan of gales      |       |       |       |     1 ||     1
  Use: Potion            |       |     2 |       |     6 ||     8
       Scroll            |       |       |    18 |     2 ||    20
